 Dungeon Crawl Stone Soup version 0.29-a0-1043-g569b05d6ff (webtiles) character file.

Game seed: 5820296586035575882

9251 ytrimaz the Martial Artist (level 11, 0/120 HPs)
             Began as a Demonspawn Transmuter on Aug 15, 2022.
             Was an Initiate of Gozag.
             Slain by an orc warlord
             ... wielding a +7 executioner's axe
              (18 damage)
             ... in a bailey.
             The game lasted 00:20:54 (12332 turns).

ytrimaz the Martial Artist (Demonspawn Transmuter) Turns: 12332, Time: 00:20:55

Health: 0/120      AC: 25    Str: 11    XL:     11   Next: 20%
Magic:  17/17      EV:  2    Int: 19    God:    Gozag
Gold:   380        SH:  0    Dex: 13    Spells: 10/19 levels left

rFire   . . .      SeeInvis .     - Unarmed
rCold   + + +      Faith    .   (no shield)
rNeg    . . .      Spirit   .   (body armour currently unavailable)
rPois   +          Reflect  .   (helmet currently unavailable)
rElec   .          Harm     .   (cloak currently unavailable)
rCorr   .          Rampage  .   (gloves currently unavailable)
Will    .....      NoTele   +   (boots currently unavailable)
Stlth   +.........              G - amulet of the Solstice {rC+++ Regen+}
HPRegen 1.10/turn               h - ring of protection from cold
MPRegen 0.15/turn               g - ring of wizardry

@: mighty, tree-form, wereblooded (expiring)
A: stationary, stasis, torment immunity, boosted hp, rugged brown scales 2,
demonic guardian 1, powered by pain 2, robust 1, (demonic touch 2)
a: Renounce Religion, Potion Petition, Call Merchant, Bribe Branch


You were in a bailey.
You worshipped Gozag.
Gozag was aware of your devotion.
You were a tree.
You visited 2 branches of the dungeon, and saw 10 of its levels.
You also visited: Bailey.

You collected 1872 gold pieces.
You spent 1382 gold pieces at shops.
You paid 110 gold pieces to Gozag.

Inventory:

Missiles
 o - 5 throwing nets
Armour
 a - a +1 helmet of intelligence (melded)
 c - a +2 pair of gloves (melded)
 v - a +2 pair of boots of flying (melded)
 w - +0 steam dragon scales (melded)
 A - a +1 cloak (melded)
Jewellery
 e - an amulet of the acrobat
 g - a ring of wizardry (right branch)
 h - a ring of protection from cold (left branch)
 i - a ring of fire
 s - a ring of willpower
 y - a ring of ice
 z - an amulet of magic regeneration
 F - a ring of magical power
 G - the amulet of the Solstice (around neck) {rC+++ Regen+}
   (You bought it in a shop on level 9 of the Dungeon)

   [amulet of regeneration]

   rC:        It renders you almost immune to cold.
   Regen:     It increases your rate of health regeneration.
Wands
 x - a wand of acid (8)
 E - a wand of iceblast (5)
Scrolls
 f - 2 scrolls of fear
 l - 9 scrolls of teleportation
 m - 3 scrolls of enchant weapon
 p - 2 scrolls of summoning
 r - 4 scrolls of butterflies
 C - 2 scrolls of enchant armour
 D - a scroll of silence
 H - a scroll of identify
Potions
 b - 3 potions of lignification
 d - 3 potions of haste
 j - 5 potions of magic
 n - a potion of resistance
 q - 2 potions of flight
 u - 4 potions of attraction
 B - a potion of degeneration


   Skills:
 - Level 1.0 Fighting
 - Level 1.7 Dodging
 + Level 11.9 Unarmed Combat
 - Level 4.5 Spellcasting
 * Level 8.9 Transmutations
 - Level 4.0 Ice Magic
 - Level 4.0 Poison Magic


You had 10 spell levels left.
You knew the following spells:

 Your Spells              Type           Power      Damage    Failure   Level
a - Ice Form              Ice/Tmut       28%        N/A       3%          4
b - Wereblood             Tmut           38%        N/A       1%          2
c - Spider Form           Tmut/Pois      28%        N/A       1%          3

Your spell library contained the following spells:

 Spells                   Type           Power      Damage    Failure   Level
 Beastly Appendage        Tmut           76%        N/A       1%          1
 Freeze                   Ice            76%        1d9       1%          1
 Passwall                 Tmut/Erth      17%        N/A       1%          2
 Ignite Poison            Fire/Tmut/Pois 20%        N/A       2%          3
 Frozen Ramparts          Ice            38%        1d6       3%          3
 Sandblast                Erth           8%         2d5       5%          1
 Scorch                   Fire           8%         2d5       9%          2
 Confusing Touch          Hex            4%         N/A       16%         3
 Gell's Gravitas          Tloc           4%         N/A       16%         3
 Lesser Beckoning         Tloc           4%         N/A       16%         3
 Stone Arrow              Conj/Erth      8%         3d7       16%         3
 Teleport Other           Tloc           4%         N/A       16%         3
 Hailstorm                Conj/Ice       11%        3d5       22%         4
 Yara's Violent Unravell  Hex/Tmut       10%        3d6       22%         5
 Sticky Flame             Conj/Fire      4%         2d3       45%         4
 Fireball                 Conj/Fire      2%         3d4       78%         5
 Enfeeble                 Hex            2%         N/A       100%        7


Dungeon Overview and Level Annotations

Branches:
Dungeon (9/15)             Temple (1/1) D:7             Orc (0/2) D:9
 Bailey (1/1)
   Lair: D:8-11

Altars:
Ashenzari
Cheibriados
Dithmenos
Fedhas
Gozag
Hepliaklqana
Kikubaaqudgha
Makhleb
Nemelex Xobeh
Okawaru
Qazlal
Ru
Sif Muna
Trog
Uskayaw
Vehumet
Wu Jian
Xom
Yredelemnul

Shops:
D:6 *:[[   D:9 =


Innate Abilities, Weirdness & Mutations

You are a tree.
Your roots penetrate the ground, keeping you stationary.
You cannot be teleported.
You are immune to unholy pain and torment.
Your maximum health is greatly increased.
Your equipment is partially melded.
(You are mostly covered in rugged brown scales. (AC +2, +5% HP))
A weak demonic guardian rushes to your aid.
You sometimes gain power by taking damage.
You are robust. (+10% HP)
((Your touch may inflict irresistible damage on your foes.))


Message History

The hobgoblin is no longer distracted by gold.
The orc warlord hits you with a +7 executioner's axe!!
* * * LOW HITPOINT WARNING * * *
You smack the orc warlord!
The orc warlord is moderately wounded.
You creak as the wereblood boils in your veins!
The orc is distracted by your dazzling golden aura.
The orc warlord is distracted by your dazzling golden aura.
Unknown command.
The orc shouts!
The orc warlord shouts!
You smack the orc warlord!
The orc warlord is no longer distracted by gold.
The orc warlord is heavily wounded.
The orc warlord hits you with a +7 executioner's axe.
* * * LOW HITPOINT WARNING * * *
Unknown command.
You pummel the orc warlord!!
The orc warlord is severely wounded.
The orc warrior no longer looks unusually strong.
Unknown command.
Unknown command.
You feel better.
The orc no longer looks unusually strong.
The orc warlord roars a battlecry!
The orcs go into a battle-frenzy!
You feel better.
Your primal bloodlust is almost over.
The orc warlord hits you with a +7 executioner's axe!
* * * LOW HITPOINT WARNING * * *
Unknown command.
You smack the orc warlord!
The orc warlord is severely wounded.
The orc warlord hits you but does no damage.
Unknown command.
You hit the orc warlord.
The orc warlord is severely wounded.
The orc is no longer distracted by gold.
The orc warlord hits you with a +7 executioner's axe!!
You die...
Your body crumbles into a pile of gold.

#...........#.........
#...........#.........
###.........###.......$
###.#'#.....###.###.....#
###...))###.###...
###.### ##.....))..###
.... ###.. #..........8#
..... $$#...
#..........8#g.....
$$#...
#∩....⌠...5♣ooo.... $
#... #..........8#g.....
$$#... #..........8#
..... $$#...
##.........### .... ###..
###...).###.###...
###.### ###.#)#.....###.
#.....# ###.........##
....... #...........#
....... #...........#
........


You could see an orc warlord (ally target), an orc warrior (strong), an orc
(strong), a hobgoblin, a goblin and a friendly ufetubus (summoned).

Vanquished Creatures
  A two-headed ogre (D:6)
  An orc knight (Bailey)
  A polar bear (D:9)
  Sigmund (D:3)
  A wyvern (D:9)
  9 yaks
  A steam dragon (D:6)
  Menkaure (D:4)
  3 wargs (D:6)
  A water moccasin (D:9)
  14 orc warriors
  A sky beast (D:8)
  2 ice beasts
  4 ogres (D:6)
  4 black bears
  4 centaurs
  A phantom (D:4)
  A kobold brigand (D:6)
  A bullfrog (D:6)
  3 gnoll sergeants (D:6)
  2 necrophages (D:5)
  4 scorpions
  4 wights (D:9)
  A killer bee (D:7)
  8 howler monkeys
  11 hounds
  2 jellies
  6 orc priests
  2 gnoll boudas
  6 iguanas
  11 orc wizards
  5 adders
  22 gnolls
  2 shadow imps (D:7)
  A white imp (D:9)
  2 ufetubi
  3 dart slugs
  35 orcs
  3 ball pythons
  8 endoplasms
  A giant cockroach (D:1)
  19 goblins
  13 hobgoblins
  4 jackals (D:1)
  8 kobolds
  2 quokkas (D:1)
  8 bats
  4 rats
252 creatures vanquished.

Vanquished Creatures (collateral kills)
  3 ogres (D:6)
  A bullfrog (D:7)
  An electric eel (D:8)
  An orc (D:6)
6 creatures vanquished.

Vanquished Creatures (others)
  A fungus (D:6)
  19 plants
20 creatures vanquished.

Grand Total: 278 creatures vanquished

Notes
Turn   | Place    | Note
-------+----------+-------------------------------------------
     0 | D:1      | ytrimaz the Demonspawn Transmuter began the quest for the
                  | Orb.
     0 | D:1      | Reached XP level 1. HP: 15/15 MP: 3/3
   312 | D:1      | Gained mutation: You are partially covered in rugged brown
                  | scales. (AC +1, +3% HP) [demonic ancestry]
   312 | D:1      | Reached XP level 2. HP: 8/21 MP: 5/5
   327 | D:1      | Reached skill level 3 in Unarmed Combat
   848 | D:1      | Learned a level 2 spell: Wereblood
  1568 | D:2      | Gained mutation: Your touch may inflict minor irresistible
                  | damage on your foes. [demonic ancestry]
  1568 | D:2      | Reached XP level 3. HP: 22/26 MP: 4/6
  1640 | D:2      | Learned a level 3 spell: Spider Form
  2200 | D:3      | Gained mutation: You are mostly covered in rugged brown
                  | scales. (AC +2, +5% HP) [demonic ancestry]
  2200 | D:3      | Reached XP level 4. HP: 26/33 MP: 2/8
  2967 | D:3      | Noticed Sigmund
  2984 | D:3      | Killed Sigmund
  2985 | D:3      | Reached skill level 4 in Unarmed Combat
  2985 | D:3      | Reached skill level 1 in Poison Magic
  2985 | D:3      | Gained mutation: A weak demonic guardian rushes to your
                  | aid. [demonic ancestry]
  2985 | D:3      | Reached XP level 5. HP: 21/38 MP: 6/10
  2985 | D:3      | Reached XP level 6. HP: 25/45 MP: 6/11
  3895 | D:4      | Reached XP level 7. HP: 27/50 MP: 10/13
  3898 | D:4      | Noticed Menkaure
  4126 | D:3      | Learned a level 4 spell: Ice Form
  4198 | D:4      | Killed Menkaure
  4299 | D:5      | Entered Level 5 of the Dungeon
  4400 | D:5      | Reached skill level 5 in Unarmed Combat
  4728 | D:5      | Gained mutation: You sometimes gain a little power by
                  | taking damage. [demonic ancestry]
  4728 | D:5      | Reached XP level 8. HP: 56/56 MP: 9/14
  4879 | D:5      | Reached skill level 5 in Transmutations
  4891 | D:5      | Found a shimmering blue altar of Sif Muna.
  4891 | D:5      | Found an ancient bone altar of Kikubaaqudgha.
  5094 | D:6      | Reached skill level 6 in Unarmed Combat
  5105 | D:6      | HP: 2/56 [ice beast (7)]
  5479 | D:6      | Found Quxzuf's Antique Armour Emporium.
  5488 | D:6      | Bought a pair of glowing boots for 187 gold pieces
  5895 | D:6      | Found Jeaggigi's Armour Shoppe.
  5976 | D:6      | Reached skill level 7 in Unarmed Combat
  6210 | D:6      | Gained mutation: Your touch may inflict irresistible damage
                  | on your foes. [demonic ancestry]
  6210 | D:6      | Reached XP level 9. HP: 39/61 MP: 15/15
  6223 | D:6      | Reached skill level 1 in Ice Magic
  6538 | D:6      | Identified a scroll of acquirement
  6561 | D:6      | Acquired 835 gold pieces
  6567 | D:6      | Bought a glowing helmet for 187 gold pieces
  6600 | D:6      | Found Ciz Vuu's Book Shoppe.
  6788 | D:6      | Noticed a two-headed ogre
  7243 | D:6      | Reached skill level 8 in Unarmed Combat
  7267 | D:6      | Found Jaruvvi's Assorted Antiques.
  8799 | D:6      | Reached skill level 9 in Unarmed Combat
  9015 | D:6      | Gained mutation: You sometimes gain power by taking damage.
                  | [demonic ancestry]
  9015 | D:6      | Reached XP level 10. HP: 66/68 MP: 11/16
  9142 | D:6      | Killed a two-headed ogre
  9480 | D:7      | Found a staircase to the Ecumenical Temple.
  9514 | Temple   | Entered the Ecumenical Temple
  9731 | Temple   | Became a worshipper of Gozag Ym Sagoz the Greedy
  9852 | D:7      | Reached skill level 10 in Unarmed Combat
 10664 | D:8      | Found a hazy altar of Hepliaklqana.
 10667 | D:8      | Found a burning altar of Makhleb.
 11599 | D:8      | Got the Almanac of Kindling
 11741 | D:9      | Found Kokkud's Jewellery Shop.
 11751 | D:9      | Reached skill level 11 in Unarmed Combat
 11831 | D:9      | Bought the amulet of the Solstice {rC+++ Regen+} for 1008
                  | gold pieces
 11952 | D:9      | Found a staircase to the Orcish Mines.
 12022 | D:9      | Gained mutation: You are robust. (+10% HP) [demonic
                  | ancestry]
 12022 | D:9      | Reached XP level 11. HP: 70/80 MP: 14/17
 12025 | D:9      | Found a flagged portal.
 12043 | Bailey   | Entered a bailey
 12146 | Bailey   | Noticed an orc knight
 12170 | Bailey   | Killed an orc knight
 12301 | Bailey   | Noticed an orc warlord
 12332 | Bailey   | Slain by an orc warlord

Illustrated notes

Levels and vault maps discovered:
D:1:      sevenhm_arrival_forest_fort_large_4, layout_loops_ring
D:2:      layout_basic
D:3:      layout_rooms, roderic_serpentine_path, uniq_sigmund
D:4:      layout_rooms, serial_bayou_pond_c, uniq_menkaure
D:5:      layout_gridville, gammafunk_temple_overflow_wave
D:6:      lemuel_castle_with_subvaults [lemuel_castle_interior_carwin_1],
          layout_loops_ring, serial_shops, shop_fountains, shop, shop,
          nicolae_shop_hallway_plus
D:7:      layout_basic, minmay_temple_entry_butterflies,
          kennysheep_generic_room_7
D:8:      layout_basic, nicolae_overflow_squiral, serial_park_tiny_1
D:9:      layout_loops_ring, david_orc_2, serial_ice, serial_ice_i,
          serial_ice_h, serial_ice_f, serial_ice_a,
          lightli_bailey_entry_fortress, nicolae_stop_n_shop_1,
          lemuel_flame_loot_1
Temple:   nicolae_temple_two_arcs
Bailey:   bailey_axe_minmay_hex_keep, bailey

Skill      XL: |  1  2  3  4  5  6  7  8  9 10 |
---------------+-------------------------------+-----
Unarmed Combat | 3 4 5 7 9 11 | 11.9
Transmutations | 2 3 4 6 7 8 |  8.9
Spellcasting   | 3 4 |  4.5
Poison Magic   | 1 2 3 4 |  4.0
Ice Magic      | 3 4 |  4.0
Fighting       | |  1.0
Dodging        | |  1.7

Action                   |  1- 3 |  4- 6 |  7- 9 | 10-12 || total
-------------------------+-------+-------+-------+-------++-------
Melee: Unarmed           |    97 |    98 |   331 |   272 ||   798
       Headbutt          |     6 |     8 |       |       ||    14
       Kick              |     5 |    13 |       |       ||    18
       Touch             |     1 |     7 |    20 |     1 ||    29
       Punch             |       |       |     2 |     1 ||     3
 Cast: Beastly Appendage |    17 |     8 |     1 |       ||    26
       Spider Form       |     2 |     4 |    18 |    13 ||    37
       Wereblood         |     1 |     3 |     5 |     8 ||    17
       Ice Form          |       |       |    11 |     7 ||    18
Evoke: Wand              |       |       |     3 |       ||     3
  Use: Scroll            |     5 |     3 |     6 |     8 ||    22
       Potion            |       |       |       |     6 ||     6
 Stab: Sleeping          |       |       |     1 |       ||     1
       Distracted        |       |       |       |     1 ||     1
       Invisible         |       |       |       |     3 ||     3
Armor: Robe              |    32 |    19 |     1 |       ||    52
       Skin              |     2 |     2 |    23 |    43 ||    70
       Steam dragon scal |       |       |    33 |     8 ||    41
Dodge: Dodged            |   100 |    67 |   220 |   170 ||   557

Table legend: (Time is in decaauts)
 A = Elapsed time spent in this place.
 B = Non-inter-level travel time spent in this place.
 C = Inter-level travel time spent in this place.
 D = Time resting spent in this place.
 E = Time spent auto-exploring this place.
 F = Levels seen in this place.
 G = Mean time per level.
                   A        B        C        D        E       F      G
               +--------+--------+--------+--------+--------+-----+--------+
         Total |  12223 |  11992 |    231 |   1858 |   7622 |  11 | 1111.2 |
       Dungeon |  11727 |  11504 |    223 |   1858 |   7496 |   9 | 1303.0 |
        Temple |    226 |    218 |      8 |      0 |    126 |   1 |  226.0 |
        Bailey |    269 |    269 |      0 |      0 |      0 |   1 |  269.0 |
               +--------+--------+--------+--------+--------+-----+--------+

Top non-repeatable levels by time:
     D:6: 4236 daAuts
     D:3: 1365 daAuts
     D:1: 1229 daAuts
     D:8: 1169 daAuts
     D:7: 1001 daAuts
     D:2: 936 daAuts
     D:4: 756 daAuts
     D:5: 741 daAuts
     D:9: 289 daAuts
  Bailey: 269 daAuts
  Temple: 226 daAuts
